 Dungeon Crawl Stone Soup version 0.28-a0-385-g79de503ca0 (webtiles) character file.

Game seed: 166046218596346499

63 Decipherer the Skirmisher (level 4, 0/37 HPs)
             Began as a Formicid Abyssal Knight on Sept 3, 2021.
             Was a Believer of Lugonu.
             Slain by an orc (5 damage)
             ... on level 3 of the Dungeon.
             The game lasted 00:02:02 (1939 turns).

Decipherer the Skirmisher (Formicid Abyssal Knight) Turns: 1939, Time: 00:02:03

Health: 0/37       AC:  7    Str: 16    XL:     4   Next: 31%
Magic:  5/5        EV:  9    Int: 12    God:    Lugonu [**....]
Gold:   35         SH:  0    Dex: 11    Spells: 3/3 levels left

rFire   . . .      SeeInvis +   a - +1 spear
rCold   . . .      Faith    .   (no shield)
rNeg    . . .      Spirit   .   i - +0 scale mail
rPois   .          Reflect  .   (helmet unavailable)
rElec   .          Harm     .   (no cloak)
rCorr   .          Rampage  .   (no gloves)
Will    .....                   f - +0 pair of boots
Stlth   ..........              (no amulet)
HPRegen 0.12/turn               (no ring)
MPRegen 0.09/turn               (no ring)

@: confused
A: permanent stasis, dig shafts and tunnels, antennae 3, four strong arms
a: Dig, Shaft Self, Renounce Religion, Depart the Abyss, Bend Space


You were on level 3 of the Dungeon.
You worshipped Lugonu.
Lugonu was pleased with you.
You visited 1 branch of the dungeon, and saw 3 of its levels.
You visited the Abyss 1 time.

You collected 35 gold pieces.

Inventory:

Hand Weapons
 a - a +1 spear (weapon)
Armour
 b - a +0 leather armour
 f - a +0 pair of boots (worn)
 i - a +0 scale mail (worn)
Scrolls
 c - a scroll of fear {unknown}
 e - a scroll of teleportation {unknown}
Potions
 d - a potion of degeneration {unknown}
 g - a potion of cancellation {unknown}
 h - a potion of haste {unknown}


   Skills:
 + Level 4.2 Fighting
 + Level 2.8 Polearms
 + Level 2.9 Armour
 + Level 1.1 Dodging
 + Level 2.1 Invocations


You had 3 spell levels left.
You didn't know any spells.
Your spell library was empty.

Dungeon Overview and Level Annotations

Branches:
Dungeon (3/15)

Altars:


Innate Abilities, Weirdness & Mutations

You cannot be hasted, slowed, berserked, paralysed or teleported.
You can dig through walls and to a lower floor.
You have a pair of large antennae on your head. (SInv)
Your four strong arms can wield two-handed weapons with a shield.


Message History

The adder hisses angrily.
The orc shouts! x2; The orc wizard shouts!
The orc shouts!
The orc priest shouts!
The orc wizard casts a spell at you. You resist with some effort.
The orc wizard gestures at you while chanting.
You are confused.
The orc hits you but does no damage. The orc hits you with a +0 hand axe.
The orc barely misses you.
You closely miss the orc. You miss the orc priest.
The orc hits you but does no damage.
The orc priest calls down the wrath of Beogh upon you.
You barely resist.
The orc wizard mumbles some strange words.
The orc wizard flickers and vanishes for a moment.
The orc hits you with a +0 mace.
You hit the orc.
The orc is moderately wounded.
The orc barely misses you. The orc misses you.
The orc wizard gestures at you while chanting.
You are more confused.
The orc closely misses you. The orc priest closely misses you.
You bump into the rock wall.
The orc hits you with a +0 hand axe. The orc hits you but does no damage.
The orc priest mumbles some strange prayers to Beogh against you.
Beogh smites you!
You bump into the rock wall.
The orc hits you but does no damage.
You bump into the rock wall.
The orc barely misses you.
The orc priest hits you with a +0 falchion.
Okay, then.
You miss the orc. The orc hits you but does no damage.
The orc priest hits you with a +0 falchion.
* * * LOW HITPOINT WARNING * * *
Okay, then.
The orc wizard gestures at you while chanting.
You are more confused.
The orc hits you with a +0 hand axe.
* * * LOW HITPOINT WARNING * * *
The orc hits you but does no damage. The orc hits you with a +0 mace.
You die...

#.. .# #.#
...
#.##.###.
####........
#.....#
#.###.####
#.S......#
#ooo......
#.@o.....##
#o####.....
#.# ....o.
#.# ......
#.# . #.#
#.# #.#


You could see an orc priest, an orc wizard (invisible), an adder and 3 orcs.

Vanquished Creatures
  An adder (D:2)
  A worm (D:2)
  2 dart slugs (D:1)
  3 ball pythons
  4 endoplasms
  5 giant cockroaches
  4 goblins
  3 hobgoblins
  4 jackals
  2 kobolds
  3 quokkas (D:1)
  4 bats
  5 frilled lizards
  2 rats (D:1)
43 creatures vanquished.

Notes
Turn   | Place    | Note
-------+----------+-------------------------------------------
     0 | Abyss:1  | Decipherer the Formicid Abyssal Knight began the quest for
                  | the Orb.
     0 | Abyss:1  | Reached XP level 1. HP: 18/18 MP: 2/2
    19 | D:1      | Escaped the Abyss
   159 | D:1      | Reached XP level 2. HP: 19/24 MP: 3/3
   625 | D:1      | Found a faded altar of an unknown god.
   696 | D:1      | Reached XP level 3. HP: 21/30 MP: 4/4
  1116 | D:1      | Reached skill level 4 in Fighting
  1377 | D:2      | Reached ** piety under Lugonu
  1638 | D:2      | Reached XP level 4. HP: 29/37 MP: 5/5
  1695 | D:2      | Reached skill level 1 in Dodging
  1939 | D:3      | Slain by an orc

Illustrated notes

Levels and vault maps discovered:
D:1:      moated_graveyard_arrival, layout_loops_corners,
          ebering_ecumenical_altar_mist
D:2:      layout_rooms, minmay_circle_x
D:3:      wander_river, layout_basic, biasface_ghost_orc_armoury

Skill      XL: |  1  2  3  4 |
---------------+-------------+-----
Fighting       | 4 |  4.2
Dodging        | 1 |  1.1
Polearms       | |  2.8
Armour         | |  2.9
Invocations    | |  2.1

Action                   |  1- 3 |  4- 6 || total
-------------------------+-------+-------++-------
Melee: Spear             |   124 |    23 ||   147
Armor: Leather armour    |    31 |       ||    31
       Scale mail        |       |    11 ||    11
Dodge: Dodged            |    85 |    14 ||    99

Table legend: (Time is in decaauts)
 A = Elapsed time spent in this place.
 B = Non-inter-level travel time spent in this place.
 C = Inter-level travel time spent in this place.
 D = Time resting spent in this place.
 E = Time spent auto-exploring this place.
 F = Levels seen in this place.
 G = Mean time per level.
                   A        B        C        D        E       F      G
               +--------+--------+--------+--------+--------+-----+--------+
         Total |   1937 |   1888 |     49 |      0 |   1557 |   4 |  484.2 |
       Dungeon |   1918 |   1869 |     49 |      0 |   1553 |   3 |  639.3 |
         Abyss |     19 |     19 |      0 |      0 |      4 |   1 |   19.0 |
               +--------+--------+--------+--------+--------+-----+--------+

Top non-repeatable levels by time:
     D:1: 1319 daAuts
     D:2: 581 daAuts
 Abyss:1: 19 daAuts
     D:3: 16 daAuts
